 Dungeon Crawl Stone Soup version 0.18.1-8-gdd0e5ea (webtiles) character file.

112 Implojin the Insei (level 4, -5/35 HPs)
             Began as a Mummy Monk on May 22, 2016.
             Killed from afar by Ijyb (11 damage)
             ... with a wand of lightning
             ... on level 3 of the Dungeon.
             The game lasted 00:08:19 (5608 turns).

Implojin the Insei (Mummy Monk)                     Turns: 5608, Time: 00:08:20

Health: -5/35      AC:  0    Str: 14    XL:     4   Next: 63%
Magic:  4/4        EV: 13    Int:  9    God:
Gold:   115        SH:  0    Dex: 15    Spells: 0 memorised, 3 levels left

rFire  x . .     SeeInvis .       - Unarmed
rCold  + . .     Gourm    .     (no armour)
rNeg   + + +     Faith    .     (no shield)
rPois  ∞         Spirit   .     (no helmet)
rElec  .         Dismiss  .     (no cloak)
rCorr  .         Reflect  .     (no gloves)
SustAt .         Harm     .     (no boots)
MR     .....                    (no amulet)
Stlth  ++........               (no ring)
                                (no ring)

@: not resistant to hostile enchantments, unstealthy
A: no food or potions, fire vulnerability, cold resistance 1, negative energy
resistance 3, torment resistance, unbreathing
a: no special abilities


You were on level 3 of the Dungeon.
You were not hungry.

You visited 1 branch of the dungeon, and saw 3 of its levels.

You collected 115 gold pieces.

Inventory:

Jewellery
 e - an uncursed ring of ice
Scrolls
 a - a scroll of blinking
 b - 3 scrolls of recharging
 c - 2 scrolls of identify
 f - 2 scrolls of enchant weapon {unknown}
 g - a scroll of remove curse {unknown}
Comestibles
 d - a bread ration


   Skills:
 - Level 3.0 Fighting
 - Level 2.4 Dodging
 - Level 1.5 Stealth
 * Level 5.0 Unarmed Combat


You had 3 spell levels left.
You didn't know any spells.

Dungeon Overview and Level Annotations

Branches:
Dungeon (3/15)

Altars:
Nemelex Xobeh
Pakellas

Annotations:
D:3 Ijyb


Innate Abilities, Weirdness & Mutations

You do not eat or drink.
Your flesh is vulnerable to fire.
You are immune to poison.
Your flesh is cold resistant.
You are immune to negative energy.
You are immune to unholy pain and torment.
You can survive without breathing.


Message History

You hit the adder.
The adder is severely wounded.
The adder bites you.
* * * LOW HITPOINT WARNING * * *
You miss the adder.
The adder is severely wounded.
The adder misses you.
You miss the adder.
The adder is severely wounded.
The adder bites you.
* * * LOW HITPOINT WARNING * * *
The adder misses you.
You barely miss the adder.
The adder is severely wounded.
The adder closely misses you.
You can't eat.
Unknown command.
Read which item? (? for menu, Esc to quit)
Okay, then.
You barely miss the adder.
The adder is severely wounded.
The adder barely misses you.
You miss the adder. Your punch misses the adder.
The adder is severely wounded.
The adder bites you.
* * * LOW HITPOINT WARNING * * *
You hit the adder.
You kill the adder!
You start resting.
HP restored.
Ijyb shouts!
Ijyb is too close now for your liking.
There are monsters nearby!
Ijyb zaps a wand.
The bolt of lightning hits you!
* * * LOW HITPOINT WARNING * * *
It is a wand of lightning.
Ijyb zaps a wand.
The bolt of lightning hits you!
* * * LOW HITPOINT WARNING * * *
Ijyb zaps a wand.
The bolt of lightning hits you!
You die...

#.#
#.....#
#.#
#.....#
##.#####
#.....#
#......#
#.....#
#......#
#......#
##......#
#.......#
#..@....#
#.......#
#.......#
#.......#
#.......#
#.......#
#g#######
#.# #.#


You could see Ijyb.

Vanquished Creatures
  3 adders
  4 worms (D:2)
  4 dart slugs
  A giant gecko (D:2)
  2 orcs
  3 giant cockroaches
  2 goblins
  13 hobgoblins
  3 jackals (D:2)
  A quokka (D:3)
  6 bats
  4 giant newts
  7 kobolds
  12 rats
65 creatures vanquished.

Notes
Turn   | Place    | Note
--------------------------------------------------------------
     0 | D:1      | Implojin the Mummy Monk began the quest for the Orb.
     0 | D:1      | Reached XP level 1. HP: 18/18 MP: 1/1
   662 | D:1      | Reached XP level 2. HP: 20/24 MP: 2/2
  1128 | D:1      | Reached skill level 4 in Unarmed Combat
  1300 | D:1      | Reached XP level 3. HP: 13/29 MP: 3/3
  2318 | D:2      | Found a sparkling altar of Nemelex Xobeh.
  2801 | D:2      | Reached XP level 4. HP: 12/35 MP: 4/4
  4077 | D:2      | Found an oddly glowing altar of Pakellas.
  5243 | D:3      | Reached skill level 5 in Unarmed Combat
  5267 | D:3      | Noticed Ijyb
  5608 | D:3      | Killed from afar by Ijyb

Skill      XL: |  1  2  3  4 |
---------------+-------------+-----
Unarmed Combat | 4 5 |  5.0
Fighting       | |  3.0
Dodging        | |  2.4
Stealth        | |  1.5

Action                   |  1- 3 |  4- 6 || total
-------------------------+-------+-------++-------
Melee: Unarmed           |   191 |   106 ||   297
       Punch             |     4 |     1 ||     5
  Use: Scroll            |     2 |       ||     2
 Stab: Sleeping          |     3 |     4 ||     7
       Distracted        |     1 |       ||     1
Dodge: Dodged            |   110 |    57 ||   167

Table legend:
 A = Turns spent in this place as a percentage of turns spent in the entire game.
 B = Non-inter-level travel turns spent in this place as a percentage of non-inter-level travel turns spent in the entire game.
 C = Inter-level travel turns spent in this place as a percentage of turns spent in this place.
 D = Turns resting spent in this place as a percentage of non-inter-level travel turns spent in this place.
 E = Turns spent auto-exploring this place as a percentage of non-inter-level travel turns spent in this place.
 F = Non-inter-level travel turns spent in this place divided by the number of levels of this place that you've seen.
                   A       B       C       D       E      F
               +-------+-------+-------+-------+-------+----------------------
         Total | 100.0 | 100.0 |   0.2 |   4.7 |   4.9 | 443.3
       Dungeon | 100.0 | 100.0 |   0.2 |   4.7 |   4.9 | 443.3
               +-------+-------+-------+-------+-------+----------------------

Table legend:
 A = Kills in this place as a percentage of kills in entire the game.
 B = Kills by you in this place as a percentage of kills by you in the entire game.
 C = Kills by friends in this place as a percentage of kills by friends in the entire game.
 D = Other kills in this place as a percentage of other kills in the entire game.
 E = Experience gained in this place as a percentage of experience gained in the entire game.
 F = Experience gained in this place divided by the number of levels of this place that you have seen.
                   A       B       C       D       E      F
               +-------+-------+-------+-------+-------+----------------------
         Total | 100.0 | 100.0 |  -nan |  -nan | 100.0 |  53.3
       Dungeon | 100.0 | 100.0 |  -nan |  -nan | 100.0 |  53.3
               +-------+-------+-------+-------+-------+----------------------
